 Dungeon Crawl Stone Soup version 0.31.0-11-ge490571c62 (webtiles) character file.

Game seed: 7446848976811756799

79 qw the Shooter (level 4, 0/25 HPs)
             Began as a Deep Elf Hunter on Feb 3, 2024.
             Succumbed to their own poison gas
             ... on level 2 of the Dungeon.
             The game lasted 00:00:05 (1649 turns).

qw the Shooter (Deep Elf Hunter)                    Turns: 1649, Time: 00:00:06

Health: 0/25       AC:  6    Str: 10    XL:     4   Next: 17%
Magic:  6/6        EV: 11    Int: 14    God:
Gold:   104        SH:  0    Dex: 18    Spells: 3/3 levels left

rFire   . . .        a - +0 shortbow
rCold   . . .        (shield currently unavailable)
rNeg    . . .        b - +0 ring mail
rPois   .            f - +0 helmet
rElec   .            (no cloak)
rCorr   .            (no gloves)
SInv    .            (no boots)
Will    .....        (no amulet)
Stlth   +            (no ring)
HPRegen 0.24/turn    (no ring)
MPRegen 0.10/turn

%: no passive effects
@: mighty, lethally poisoned (0 -> -6), very slow
A: no striking features
a: no special abilities


You were on level 2 of the Dungeon.
You visited 1 branch of the dungeon, and saw 2 of its levels.

You collected 104 gold pieces.


   Skills:
 - Level 1.5 Fighting
 + Level 7.6 Ranged Weapons
 - Level 2.4 Dodging
 - Level 1.2 Stealth


You had 3 spell levels left.
You didn't know any spells.
Your spell library was empty.

Inventory:

Hand Weapons
 a - a +0 shortbow (weapon)
Armour
 b - a +0 ring mail (worn)
 f - a +0 helmet (worn)
Scrolls
 d - 2 scrolls of teleportation
Potions
 g - a potion of resistance {unknown}
 h - 2 potions of heal wounds
 k - a potion of might
 m - a potion of berserk rage {unknown}

Dungeon Overview and Level Annotations

Branches:
Dungeon (2/15)

Altars:

Shops:
D:2 (


Message History

As you read the scroll labelled LAOXOICZAU, it crumbles to dust.
You assume a fearsome visage.
Nothing appears to happen.
It was a scroll of fear.
Done exploring.
1642 ||| READING scroll labelled OTUILU AVIFE.
As you read the scroll labelled OTUILU AVIFE, it crumbles to dust.
You feel momentarily disoriented.
It was a scroll of revelation.
Done exploring.
1643 ||| DRINKING 2 blue potions.
It was a potion of might.
You feel very mighty all of a sudden.
Done exploring.
1644 ||| DROPPING potion of attraction.
You drop a potion of attraction.
You hear a splash.
Done exploring.
What level of the Dungeon? (default 2, ? - help) Sorry, I don't know how to get there.
Enter note:
Enter note:
Enter note:
Enter note:
Enter note:
Enter note:
Enter note:
Enter note:
Enter note: You are engulfed in poison gas.
You are poisoned.
You feel extremely sick.
1646 ||| Stepping ~*~*~tactically~*~*~ (cloud).
You enter the shallow water.
Moving in this stuff is going to be slow.
You feel very sick.
Things that are here:
a potion of attraction; the +2 leather armour of Abstinence {Rampage Str-2 Int+4}; a +0 leather armour
There is a lethal amount of poison in your body!
You feel sick.
There is a lethal amount of poison in your body!
You feel very sick.
There is a lethal amount of poison in your body!
You die...

# #...# ## #...#
################## .###...#
#########.0¤¤00..# ...#...#
#######0#¤¤¤0¤¤..# ##.....#
#######¤#00000¤..# ##....#
#######0#00¤0¤¤..# #....#
######¤¤¤0¤¤000..#
######.#######00¤0000¤0¤..#
..........0¤0¤0¤@¤¤¤00¤¤..#
######.#########0#0000¤¤..#
###'#########¤##¤#######
#.......########)####
#.......########.####
#.......########.####
#.(.....########.###########
#.......###...##...........#
#.[.....# #...##.#########.#


There were no monsters in sight!

Vanquished Creatures
  3 gnolls (D:2)
  A dart slug (D:2)
  2 ribbon worms (D:2)
  6 endoplasms
  4 goblins
  4 hobgoblins
  A quokka (D:2)
  2 ball pythons
  5 bats
  A frilled lizard (D:1)
  8 kobolds
  6 rats
43 creatures vanquished.

Notes
Turn   | Place    | Note
-------+----------+-------------------------------------------
     0 | D:1      | qw the Deep Elf Hunter began the quest for the Orb.
     0 | D:1      | Reached XP level 1. HP: 12/12 MP: 3/3
     0 | D:1      | 0 ||| qw: Version: 0.3-a-157-g843a77d
     0 | D:1      | 0 ||| qw: Game counter: 3809
     0 | D:1      | 0 ||| qw: Melee chars always use a shield: true
     0 | D:1      | 0 ||| qw: God list: Okawaru
     0 | D:1      | 0 ||| qw: Allow faded altars: false
     0 | D:1      | 0 ||| qw: Do Orc after clearing Dungeon:15 true
     0 | D:1      | 0 ||| qw: Do second Lair branch before Depths: true
     0 | D:1      | 0 ||| qw: Lair rune preference: random
     0 | D:1      | 0 ||| qw: Goals: Normal
     0 | D:1      | 0 ||| PLANNING D:1-11
    63 | D:1      | 63 ||| DROPPING +3 sling.
   175 | D:1      | Reached skill level 6 in Ranged Weapons
   175 | D:1      | Reached XP level 2. HP: 16/16 MP: 4/4
   739 | D:1      | 739 ||| READING 2 scrolls labelled LAFO ABYURU.
   744 | D:1      | 744 ||| READING scroll labelled NAAMMA SAUCSA.
   744 | D:1      | 744 ||| ENCHANTING +0 shortbow.
   745 | D:1      | 745 ||| READING scroll labelled HAOLYR WUT PEUT.
   745 | D:1      | 745 ||| IDENTIFYING 2 lumpy black potions
   746 | D:1      | 746 ||| READING scroll labelled QEICOS HATU.
   747 | D:1      | 747 ||| DROPPING scroll of butterflies.
   834 | D:2      | 834 ||| FLEEEEING.
   855 | D:2      | Reached XP level 3. HP: 20/20 MP: 5/5
   859 | D:2      | Found a faded altar of an unknown god.
   863 | D:2      | 863 ||| RETREEEEATING.
   867 | D:2      | 867 ||| RETREEEEATING.
   873 | D:2      | Reached skill level 7 in Ranged Weapons
   967 | D:2      | Identified the +2 leather armour of Abstinence {Rampage
                  | Str-2 Int+4}
  1205 | D:2      | Reached XP level 4. HP: 25/25 MP: 6/6
  1250 | D:2      | Found Yvubbokh's Weapon Emporium.
  1260 | D:2      | 1260 ||| SHOPLISTING +2 orcbow of freezing (219 gold, have
                  | 76).
  1622 | D:2      | 1622 ||| UPGRADING to +0 ring mail.
  1632 | D:2      | 1632 ||| DROPPING +0 leather armour.
  1633 | D:2      | 1633 ||| UPGRADING to +0 helmet.
  1638 | D:2      | 1638 ||| DROPPING +2 leather armour of Abstinence {Rampage
                  | Str-2 Int+4}.
  1639 | D:2      | 1639 ||| READING scroll of identify.
  1639 | D:2      | 1639 ||| IDENTIFYING fuming puce potion
  1640 | D:2      | 1640 ||| READING scroll labelled BISIBRIYSA.
  1641 | D:2      | 1641 ||| READING scroll labelled LAOXOICZAU.
  1642 | D:2      | 1642 ||| READING scroll labelled OTUILU AVIFE.
  1643 | D:2      | 1643 ||| DRINKING 2 blue potions.
  1644 | D:2      | 1644 ||| DROPPING potion of attraction.
  1646 | D:2      | 1646 ||| Stepping ~*~*~tactically~*~*~ (cloud).
  1646 | D:2      | HP: 5/25 [poisoned by you (poison gas)]
  1648 | D:2      | HP: 1/25 [poisoned by you (poison gas)]
  1649 | D:2      | Succumbed to their own poison gas

Levels and vault maps discovered:
D:1:      wheals_arrival_shading, layout_basic
D:2:      layout_basic, hellmonk_ecumenical_altar_run_dry, serial_shops,
          nicolae_shop_crystal, chequers_serial_rivers_micro_a,
          amcnicky_mini_pool_small

Skill      XL: |  1  2  3 |
---------------+----------+-----
Ranged Weapons | 6 7 |  7.6
Fighting       | |  1.5
Dodging        | |  2.4
Stealth        | |  1.2

Action                     |  1- 3 |  4- 6 || total
---------------------------+-------+-------++-------
   Fire: Shortbow          |    91 |    21 ||   112
    Use: Scroll            |     4 |     4 ||     8
         Potion            |       |     1 ||     1
 Armour: Leather armour    |     8 |     3 ||    11
  Dodge: Dodged            |    13 |     1 ||    14

Table legend:
 A = Non-vault XP
 B = Vault XP
 C = Vault XP percentage of total XP
 D = Non-vault monster count
 E = Vault monster count
 F = Vault count percentage of total count
                 A         B        C        D         E       F
            +---------+---------+-------+---------+---------+-------
      Total |     114 |       0 |   0.0 |      43 |       0 |   0.0
            +---------+---------+-------+---------+---------+-------
        D:1 |      35 |       0 |   0.0 |      23 |       0 |   0.0
        D:2 |      79 |       0 |   0.0 |      20 |       0 |   0.0
            +---------+---------+-------+---------+---------+-------
